 Dungeon Crawl Stone Soup version 0.29-a0-409-gd843f3a48c (webtiles) character file.

Game seed: 12276836462772813930

382 vsjfljblw the Vexing (level 6, -2/28 HPs)
             Began as a Spriggan Enchanter on May 13, 2022.
             Was an Initiate of Dithmenos.
             Slain by a quokka (4 damage)
             ... on level 4 of the Dungeon.
             The game lasted 00:13:35 (6793 turns).

vsjfljblw the Vexing (Spriggan Enchanter)           Turns: 6793, Time: 00:13:36

Health: -2/28      AC:  3    Str:  6    XL:     6   Next: 47%
Magic:  7/15       EV: 17    Int: 17    God:    Dithmenos [......]
Gold:   349        SH:  0    Dex: 15    Spells: 5/16 levels left

rFire   . . .      SeeInvis +   a - +1 dagger (vamp)
rCold   . . .      Faith    .   (no shield)
rNeg    . . .      Spirit   .   b - +1 robe
rPois   .          Reflect  .   (helmet restricted)
rElec   .          Harm     .   (no cloak)
rCorr   .          Rampage  .   (gloves unavailable)
Will    +....                   (boots unavailable)
Stlth   +++.......              (no amulet)
HPRegen 0.09/turn               n - ring of flight
MPRegen 0.14/turn               (no ring)

@: on berserk cooldown, flying, slowed, quick
A: very small, no large weapons, unfitting armour, see invisible, speed 3
a: Renounce Religion


You were on level 4 of the Dungeon.
You worshipped Dithmenos.
Dithmenos was noncommittal.
You visited 2 branches of the dungeon, and saw 5 of its levels.
You also visited: Sewer.

You collected 349 gold pieces.

Inventory:

Hand Weapons
 a - a +1 vampiric dagger (weapon)
Missiles
 k - 7 poisoned darts (quivered)
Armour
 b - a +1 robe (worn)
Jewellery
 n - a ring of flight (left hand)
Wands
 f - a wand of polymorph (10)
 m - a wand of digging (6)
Scrolls
 e - 2 scrolls of identify
 j - 4 scrolls of teleportation
Potions
 d - 8 potions of flight
 h - 2 potions of curing
 o - a potion of attraction


   Skills:
 - Level 1.1 Short Blades
 - Level 2.6 Dodging
 + Level 5.5 Stealth
 + Level 5.9 Spellcasting
 + Level 6.5 Hexes


You had 5 spell levels left.
You knew the following spells:

 Your Spells              Type           Power      Damage    Failure   Level
a - Ensorcelled Hibernat  Hex/Ice        32%        N/A       4%          2
b - Tukima's Dance        Hex            27%        N/A       2%          3
c - Dazzling Flash        Conj/Hex       32%        N/A       10%         3
d - Confusing Touch       Hex            27%        N/A       2%          3

Your spell library contained the following spells:

 Spells                   Type           Power      Damage    Failure   Level


Dungeon Overview and Level Annotations

Branches:
Dungeon (4/15)             Temple (1/1) D:4           Sewer (visited)

Altars:
Dithmenos
Gozag
Hepliaklqana
Makhleb
Trog


Innate Abilities, Weirdness & Mutations

You are very small and have problems with some larger weapons.
You are too small for most types of armour.
You have supernaturally acute eyesight. (SInv)
You cover ground extremely quickly. (Speed+++)


Message History

The orc wizard gestures wildly while chanting.
The orc wizard flickers and vanishes for a moment.
You bump into the crystal wall.
The quokka closely misses you.
The orc wizard hits you but does no damage.
The quokka misses you.
The orc wizard gestures at you while chanting.
The puff of flame hits you.
Unknown command.
Unknown command.
Unknown command.
Unknown command.
The quokka attacks as you move away! The quokka misses you.
You feel less confused.
The orc wizard gestures at you while chanting.
You resist with almost no effort.
Unknown command.
The quokka barely misses you.
The orc wizard gestures at you while chanting.
The magic dart hits you.
* * * LOW HITPOINT WARNING * * *
You see here a +0 robe.
Unknown command.
Casting: Tukima's Dance (dangerous; 2% risk of failure)
Confirm with . or Enter, or press ? or * to list all spells.
Aiming: Ensorcelled Hibernation (safe; 5% risk of failure)
Press: ? - help, Shift-Dir - straight line, f - orc wizard
Aim: an orc wizard, wielding a +0 dagger and wearing a +0 robe (severely wounded, slightly transparent, chance to affect: 49%)
The orc wizard looks drowsy...
The quokka bites you.
* * * LOW HITPOINT WARNING * * *
The quokka completely misses you.
The helpless orc wizard fails to defend itself.
You impale the orc wizard!!
You kill the orc wizard!
Dithmenos accepts your kill. The quokka closely misses you.
The quokka twitches its whiskers.
The quokka barely misses you.
You see here a +0 dagger.
The quokka attacks as you move away! The quokka bites you.
You die...

##.#.. ...# #......#
##..#.. .#..## #.......
....... .#...#### #..[....
.......#.#.#....#####...#.
#....###........##..##.
....)#)..#...#.....##..##.
##....#[....#.............
...#####)r.#####..........
# #..@..#......##.###)
#...#...#.....##.###.
......###........##.....
.#...# #.......##.###.
..... ........##.# #.
#..... ...###### ## ##
#.#.#. .## #.


You could see a quokka.

Vanquished Creatures
  A phantom (D:4)
  A hound (D:4)
  2 orc wizards (D:4)
  A merfolk siren (Sewer)
  A merfolk avatar (Sewer)
  4 adders
  2 river rats (Sewer)
  3 worms
  5 dart slugs
  An orc (D:4)
  5 endoplasms
  5 giant cockroaches
  3 goblins
  4 hobgoblins
  7 quokkas
  12 ball pythons
  6 bats
  10 frilled lizards
  3 kobolds
  25 rats
101 creatures vanquished.

Vanquished Creatures (collateral kills)
  An orc wizard (D:4)
1 creature vanquished.

Vanquished Creatures (others)
  A dancing weapon (D:4)
  5 fungi (D:2)
  13 toadstools
19 creatures vanquished.

Grand Total: 121 creatures vanquished

Notes
Turn   | Place    | Note
-------+----------+-------------------------------------------
     0 | D:1      | vsjfljblw the Spriggan Enchanter began the quest for the
                  | Orb.
     0 | D:1      | Reached XP level 1. HP: 9/9 MP: 5/5
   346 | D:1      | Reached skill level 4 in Hexes
   353 | D:1      | Reached XP level 2. HP: 13/13 MP: 7/7
  1226 | D:2      | Reached XP level 3. HP: 16/16 MP: 9/9
  1231 | D:2      | Learned a level 2 spell: Ensorcelled Hibernation
  1235 | D:2      | Learned a level 3 spell: Tukima's Dance
  1239 | D:2      | Learned a level 3 spell: Confusing Touch
  2785 | D:2      | Reached XP level 4. HP: 21/21 MP: 11/11
  2789 | D:2      | Learned a level 3 spell: Dazzling Flash
  3622 | D:3      | Reached skill level 5 in Hexes
  5009 | D:4      | Noticed a phantom
  5020 | D:4      | Killed a phantom
  5021 | D:4      | Reached skill level 5 in Spellcasting
  5021 | D:4      | Reached XP level 5. HP: 24/24 MP: 9/13
  5222 | D:4      | Found a glowing drain.
  5233 | Sewer    | Entered a sewer
  5369 | Sewer    | Reached skill level 6 in Hexes
  5590 | Sewer    | Reached XP level 6. HP: 26/28 MP: 8/15
  5768 | Sewer    | Reached skill level 5 in Stealth
  6382 | D:4      | Noticed an orc warrior
  6617 | D:4      | Found a staircase to the Ecumenical Temple.
  6629 | Temple   | Entered the Ecumenical Temple
  6742 | Temple   | Became a worshipper of Dithmenos the Shadowed
  6793 | D:4      | Slain by a quokka

Illustrated notes

Levels and vault maps discovered:
D:1:      ncdulo_watergridlock, layout_rooms, hex_large
D:2:      layout_loops_ring, minmay_gold_behind_fungi
D:3:      layout_basic, minmay_box_of_dots
D:4:      cheibrodos_fertilizer, layout_basic, minmay_temple_entry_arrows,
          cheibrodos_sewer_entry_bend, chequers_serial_rivers_marsh
Temple:   mainiacjoe_temple_big_plus

Skill      XL: |  1  2  3  4  5  6 |
---------------+-------------------+-----
Spellcasting   | 3 4 5 |  5.9
Hexes          | 4 5 6 |  6.5
Stealth        | 5 |  5.5
Short Blades   | |  1.1
Dodging        | |  2.6

Action                   |  1- 3 |  4- 6 || total
-------------------------+-------+-------++-------
Melee: Dagger            |   147 |   251 ||   398
       Punch             |     1 |     4 ||     5
 Cast: Ensorcelled Hiber |     7 |    26 ||    33
       Confusing Touch   |       |     3 ||     3
       Tukima's Dance    |       |     4 ||     4
  Use: Potion            |     4 |     5 ||     9
       Scroll            |     9 |     8 ||    17
 Stab: Sleeping          |    14 |    27 ||    41
       Confused          |       |     1 ||     1
       Distracted        |       |     1 ||     1
       Invisible         |       |     2 ||     2
Armor: Robe              |    20 |    40 ||    60
       Skin              |    26 |       ||    26
Dodge: Dodged            |   118 |   219 ||   337

Table legend: (Time is in decaauts)
 A = Elapsed time spent in this place.
 B = Non-inter-level travel time spent in this place.
 C = Inter-level travel time spent in this place.
 D = Time resting spent in this place.
 E = Time spent auto-exploring this place.
 F = Levels seen in this place.
 G = Mean time per level.
                   A        B        C        D        E       F      G
               +--------+--------+--------+--------+--------+-----+--------+
         Total |   5465 |   5379 |     86 |    825 |   3708 |   6 |  910.8 |
       Dungeon |   4562 |   4490 |     72 |    685 |   3232 |   4 | 1140.5 |
        Temple |     84 |     71 |     13 |      0 |     66 |   1 |   84.0 |
         Sewer |    818 |    818 |      0 |    140 |    409 |   1 |  818.0 |
               +--------+--------+--------+--------+--------+-----+--------+

Top non-repeatable levels by time:
     D:1: 1306 daAuts
     D:2: 1256 daAuts
     D:3: 1078 daAuts
     D:4: 920 daAuts
   Sewer: 818 daAuts
  Temple: 84 daAuts
